 Dungeon Sprint DCSS version 0.30-a0-830-gfe289a77b0 (webtiles) character file.

Game seed: 6070887902627633023

8600000 BigDaddyOpFi the Intangible (level 27, -42/182 (228) HPs)
             Began as a Djinni Warper on Feb 28, 2023.
             Was the Champion of Makhleb.
             Killed from afar by a wretched soul (52 damage)
             ... with a bolt of negative energy
             ... in the Dungeon (Sprint VIII: "Arena of Blood").
             The game lasted 00:02:06 (86 turns).

BigDaddyOpFi the Intangible (Djinni Warper)           Turns: 86, Time: 00:02:07

HP:   -42/182 (228) AC:  6    Str: 12    XL:     27
Gold: 0             EV: 33    Int: 18    God:    Makhleb [******] SH:  0 Dex: 22

rFire   + + .      SeeInvis .    h - +∞ Axe of Woe
rCold   x . .      Faith    .    (shield currently unavailable)
rNeg    . . .      Spirit   .    a - +0 leather armour
rPois   ∞          Reflect  .    (no helmet)
rElec   .          Harm     .    (no cloak)
rCorr   .          Rampage  .    (no gloves)
Will    ++...      NoTele   +    (boots unavailable)
Stlth   ++++++++++               (no amulet)
HPRegen 0.50/turn                (no ring)
MPRegen 0.00/turn                (no ring)

@: flying, heavily drained
A: sickness immunity, fire resistance 2, cold vulnerability 1, float, innate
caster, HP casting, extra vitality 1
a: Renounce Religion, Minor Destruction, Lesser Servant of Makhleb, Major
Destruction, Greater Servant of Makhleb


You were in the Dungeon.
You worshipped Makhleb.
Makhleb was exalted by your worship.
You visited 1 branch

Inventory:

Hand Weapons
 h - the +∞ Axe of Woe (weapon)
   (You found it in the Dungeon)
Missiles
 c - 6 boomerangs of dispersal (quivered)
Armour
 a - a +0 leather armour (worn)
Scrolls
 b - 2 scrolls of blinking
Potions
 d - a potion of curing
 e - a potion of heal wounds
 f - a potion of haste
 g - a potion of berserk rage


   Skills:
 O Level 27 Fighting
 O Level 27 Short Blades
 O Level 27 Long Blades
 O Level 27 Axes
 O Level 27 Maces & Flails
 O Level 27 Polearms
 O Level 27 Staves
 O Level 27 Ranged Weapons
 O Level 27 Throwing
 O Level 27 Armour
 O Level 27 Dodging
 O Level 27 Stealth
 O Level 27 Shields
 O Level 27 Unarmed Combat
 O Level 27 Spellcasting
 O Level 27 Invocations
 O Level 27 Evocations


You knew the following spells:

 Your Spells              Type           Power      Damage    Failure   Level
a - Blink                 Tloc           100%       N/A       0%          2
b - Lesser Beckoning      Tloc           100%       N/A       0%          2
c - Vhi's Electric Charg  Tloc/Air       100%       N/A       0%          3
d - Teleport Other        Tloc           88%        N/A       0%          3
e - Manifold Assault      Tloc           88%        N/A       0%          4
f - Summon Small Mammal   Summ           100%       N/A       0%          1
g - Call Imp              Summ           88%        N/A       0%          2
h - Ignite Poison         Fire/Tmut/Pois 88%        N/A       0%          3
i - Kindle Blastsparks    Fire/Tloc/Air  100%       2d18      0%          3
j - Dispel Undead         Necr           88%        3d28      0%          4
k - Silence               Hex/Air        44%        N/A       0%          5
l - Summon Cactus Giant   Summ           44%        N/A       0%          6
m - Statue Form           Tmut/Erth      58%        N/A       0%          6
n - Malign Gateway        Summ/Tloc      44%        N/A       1%          7
o - Ozocubu's Refrigerat  Ice            44%        4d17      1%          7
p - Lehudib's Crystal Sp  Conj/Erth      44%        10d11     1%          8
q - Shatter               Erth           44%        3d34*     2%          9
r - Death's Door          Necr           44%        N/A       2%          9
Your spell library was empty.

Dungeon Overview and Level Annotations

Branches:
Dungeon (1/1)

Altars:
Makhleb


Innate Abilities, Weirdness & Mutations

You are immune to sickness and miasma.
You are immune to poison.
Your flesh is very heat resistant. (rF++)
You are vulnerable to cold. (rC-)
You float through the air rather than walking.
You learn spells naturally, not from books.
Your magical power is your life essence.
You have superior vitality. (+4 MHP)


Message History

Makhleb accepts your kill.
You feel better.
You hit something but do no damage.
You hew something savagely.
Makhleb accepts your kill.
You feel better.
Reactivating autopickup.
You feel a bit more experienced.
The meat beast is engulfed in blazing flames.
You hear a shout! x2
The destroyer points at you and mumbles some strange words.
The destroyer blinks!
You hear a shout! x2
Unknown command.
You hit the meat beast but do no damage.
You hew the meat beast savagely.
You kill the meat beast!
Makhleb accepts your kill.
The accursed appears out of thin air!
An accursed comes into view.
You hear a shout! x3
The tyrant gestures wildly while chanting.
The tyrant seems to speed up.
You hear a shout! x2
The destroyer points at you and mumbles some strange words.
The destroyer blinks!
Unknown command.
You hear a shout! x3
A bolt of negative energy appears from out of thin air!
The bolt of negative energy hits something!!!
Deactivating autopickup; reactivate with Ctrl-A.
The bolt of negative energy hits you!!!!
You feel drained.
* * * LOW HITPOINT WARNING * * *
You hear a shout!
The eight-headed meat hydra is engulfed in blazing flames.
A bolt of negative energy appears from out of thin air!
The bolt of negative energy hits something.
The bolt of negative energy hits something!!!!
The bolt of negative energy hits you!!!
You feel drained.
You die...

2.....D ....M...
....................
#....§§§# .....{....
#....§D§# .........O
.###..{.§{§###.........
......###{§☼).........###
...L.._.))oD............
#..V.@#.))....#.#.....
#_.<)°#..)............
..#...))#.{)..)#.#.#....
......_))).).............
......###.))......#.#.#..#
.###....)))###..))D.....#.
#.......#......))))..D#
#.......#....†..)))..#.
.................§))....


You could see an accursed (wandering), a tyrant (fast), 2 eight-headed meat
hydras, a destroyer and a bag of meat.

Vanquished Creatures
  8 hell beasts (D)
  5 royal mummies (D)
  3 wraiths (D)
  17 vampire knights (D)
  37 ogres (D)
  8 two-headed ogres (D)
  4 liches (D)
  3 hydras (D)
  3 phantoms (D)
  83 orcs (D)
  6 skeletal warriors (D)
177 creatures vanquished.

Vanquished Creatures (others)
  A two-headed ogre (D)
1 creature vanquished.

Grand Total: 178 creatures vanquished

Notes
Turn   | Place    | Note
-------+----------+-------------------------------------------
     0 | D        | Found the +∞ Axe of Woe
     0 | D        | BigDaddyOpFi the Djinni Warper began the quest for the Orb.
     0 | D        | BigDaddyOpFi set off with the following spells memorised:
                  | Blink, Lesser Beckoning, Vhi's Electric Charge, Teleport
                  | Other, Manifold Assault.
     0 | D        | Reached XP level 1. HP: 18/18 MP: 0/0
     2 | D        | Noticed a bag of meat
     3 | D        | Noticed a meat berserker
     3 | D        | Noticed a bag of meat
     4 | D        | Became a worshipper of Makhleb the Destroyer
     4 | D        | Noticed a bag of meat
     5 | D        | Killed a meat berserker
     5 | D        | Noticed a meat berserker
     5 | D        | Noticed a bag of meat
     5 | D        | Noticed a bag of meat
     6 | D        | Reached skill level 10 in Throwing
     6 | D        | Reached skill level 10 in Spellcasting
     6 | D        | Reached XP level 2. HP: 39/39 MP: 0/0
     6 | D        | Reached XP level 3. HP: 44/44 MP: 0/0
     6 | D        | Learned a level 1 spell: Summon Small Mammal
     6 | D        | Reached XP level 4. HP: 50/50 MP: 0/0
     6 | D        | Reached XP level 5. HP: 56/56 MP: 0/0
     6 | D        | Learned a level 2 spell: Call Imp
     6 | D        | Reached XP level 6. HP: 62/62 MP: 0/0
     6 | D        | Reached XP level 7. HP: 67/67 MP: 0/0
     6 | D        | Learned a level 3 spell: Ignite Poison
     6 | D        | Reached XP level 8. HP: 74/74 MP: 0/0
     6 | D        | Reached XP level 9. HP: 79/79 MP: 0/0
     6 | D        | Learned a level 3 spell: Kindle Blastsparks
     6 | D        | Reached XP level 10. HP: 85/85 MP: 0/0
     6 | D        | Reached XP level 11. HP: 90/90 MP: 0/0
     6 | D        | Learned a level 4 spell: Dispel Undead
     6 | D        | Reached XP level 12. HP: 96/96 MP: 0/0
     7 | D        | Noticed a meat berserker
     7 | D        | Noticed a meat berserker
     8 | D        | Killed a bag of meat
     8 | D        | Reached * piety under Makhleb
     9 | D        | Reached XP level 13. HP: 90/104 MP: 0/0
     9 | D        | Learned a level 5 spell: Silence
     9 | D        | Killed a bag of meat
     9 | D        | Killed a meat berserker
     9 | D        | Noticed a bag of meat
    10 | D        | Reached XP level 14. HP: 101/116 MP: 0/0
    10 | D        | Killed a meat berserker
    10 | D        | Reached ** piety under Makhleb
    10 | D        | Noticed a bag of meat
    10 | D        | Noticed a bag of meat
    11 | D        | Reached XP level 15. HP: 62/124 MP: 0/0
    11 | D        | Learned a level 6 spell: Summon Cactus Giant
    11 | D        | Killed a meat berserker
    12 | D        | Reached skill level 15 in Throwing
    12 | D        | Reached *** piety under Makhleb
    12 | D        | Noticed a meat berserker
    12 | D        | Noticed a meat berserker
    12 | D        | Noticed a meat berserker
    13 | D        | Reached skill level 15 in Spellcasting
    13 | D        | Reached XP level 16. HP: 53/135 MP: 0/0
    13 | D        | Noticed a large bag of meat
    14 | D        | Killed a meat berserker
    14 | D        | Reached **** piety under Makhleb
    15 | D        | Reached XP level 17. HP: 69/145 MP: 0/0
    15 | D        | Learned a level 6 spell: Statue Form
    15 | D        | Noticed a large bag of meat
    15 | D        | Noticed a meat berserker
    15 | D        | HP: 3/145 [meat berserker/+9 battleaxe (67)]
    16 | D        | Noticed a destroyer
    16 | D        | Killed a meat berserker
    16 | D        | Reached ***** piety under Makhleb
    16 | D        | Noticed a destroyer
    16 | D        | Noticed a meat berserker
    17 | D        | Reached XP level 18. HP: 41/157 MP: 0/0
    17 | D        | Killed a meat berserker
    17 | D        | Noticed a large bag of meat
    17 | D        | Noticed a destroyer
    18 | D        | Noticed a large bag of meat
    18 | D        | Killed a meat berserker
    18 | D        | Killed a destroyer
    18 | D        | Noticed a meat berserker
    19 | D        | Reached skill level 27 in Dodging
    19 | D        | Reached XP level 19. HP: 171/171 MP: 0/0
    19 | D        | Learned a level 7 spell: Malign Gateway
    19 | D        | Killed a large bag of meat
    19 | D        | Reached ****** piety under Makhleb
    19 | D        | Killed a meat berserker
    19 | D        | Noticed a meat berserker
    20 | D        | Reached skill level 27 in Fighting
    20 | D        | Reached skill level 27 in Armour
    20 | D        | Reached skill level 27 in Unarmed Combat
    20 | D        | Reached XP level 20. HP: 145/181 MP: 0/0
    20 | D        | Noticed a meat berserker
    20 | D        | Killed a destroyer
    20 | D        | Killed a large bag of meat
    20 | D        | Noticed a meat berserker
    20 | D        | Noticed a destroyer
    20 | D        | Noticed a meat berserker
    21 | D        | Reached skill level 27 in Throwing
    21 | D        | Killed a meat berserker
    21 | D        | Noticed a destroyer
    21 | D        | Noticed a meat berserker
    21 | D        | Noticed a meat berserker
    22 | D        | Reached skill level 27 in Spellcasting
    22 | D        | Reached skill level 10 in Axes
    22 | D        | Reached XP level 21. HP: 66/187 MP: 0/0
    22 | D        | Learned a level 7 spell: Ozocubu's Refrigeration
    22 | D        | Killed a large bag of meat
    22 | D        | Noticed a destroyer
    23 | D        | Reached skill level 15 in Axes
    23 | D        | Killed a large bag of meat
    23 | D        | Killed a meat berserker
    23 | D        | Killed a meat berserker
    23 | D        | Killed a meat berserker
    23 | D        | Killed a meat berserker
    23 | D        | Noticed a destroyer
    24 | D        | Reached XP level 22. HP: 176/194 MP: 0/0
    25 | D        | Noticed a destroyer
    25 | D        | Killed a destroyer
    25 | D        | Killed a meat berserker
    26 | D        | Reached skill level 27 in Axes
    26 | D        | Reached skill level 27 in Stealth
    26 | D        | Reached XP level 23. HP: 197/201 MP: 0/0
    26 | D        | Learned a level 8 spell: Lehudib's Crystal Spear
    26 | D        | Killed a destroyer
    27 | D        | Noticed a destroyer
    27 | D        | Killed a destroyer
    27 | D        | Killed a destroyer
    28 | D        | Reached XP level 24. HP: 204/208 MP: 0/0
    29 | D        | Noticed a destroyer
    30 | D        | Killed a destroyer
    31 | D        | Reached XP level 25. HP: 210/214 MP: 0/0
    31 | D        | Learned a level 9 spell: Shatter
    31 | D        | Killed a destroyer
    32 | D        | Reached skill level 27 in Invocations
    33 | D        | Noticed an accursed
    33 | D        | Killed a destroyer
    33 | D        | Noticed a destroyer
    34 | D        | Reached skill level 27 in Maces & Flails
    34 | D        | Reached skill level 27 in Polearms
    34 | D        | Reached skill level 15 in Staves
    36 | D        | Reached XP level 26. HP: 221/221 MP: 0/0
    36 | D        | Killed a destroyer
    37 | D        | Killed a destroyer
    38 | D        | Reached skill level 27 in Staves
    38 | D        | Reached skill level 5 in Ranged Weapons
    38 | D        | Noticed a tyrant
    38 | D        | Noticed an accursed
    38 | D        | Killed a tyrant
    40 | D        | Killed an accursed
    41 | D        | Noticed a tyrant
    42 | D        | Noticed an accursed
    42 | D        | Noticed a destroyer
    42 | D        | Noticed a large bag of meat
    42 | D        | Noticed a large bag of meat
    42 | D        | Noticed a destroyer
    42 | D        | Noticed a tyrant
    42 | D        | Noticed an accursed
    43 | D        | Reached skill level 15 in Shields
    43 | D        | Reached skill level 15 in Evocations
    43 | D        | Reached XP level 27. HP: 84/228 MP: 0/0
    43 | D        | Learned a level 9 spell: Death's Door
    43 | D        | Noticed a destroyer
    43 | D        | Killed a large bag of meat
    43 | D        | Noticed a large bag of meat
    43 | D        | Noticed a tyrant
    44 | D        | Noticed a destroyer
    45 | D        | Reached skill level 15 in Ranged Weapons
    46 | D        | Noticed a meat beast
    47 | D        | Killed a large bag of meat
    47 | D        | Killed a destroyer
    48 | D        | Killed a destroyer
    49 | D        | Killed a destroyer
    49 | D        | Noticed an accursed
    50 | D        | Killed a destroyer
    51 | D        | Reached skill level 27 in Shields
    51 | D        | Reached skill level 27 in Evocations
    51 | D        | Killed a meat beast
    52 | D        | Reached skill level 27 in Short Blades
    52 | D        | Reached skill level 27 in Long Blades
    52 | D        | Reached skill level 27 in Ranged Weapons
    52 | D        | Noticed a dread
    52 | D        | Noticed a meat beast
    53 | D        | Killed an accursed
    53 | D        | Killed a meat beast
    54 | D        | Noticed a meat beast
    55 | D        | Noticed a dread
    55 | D        | Killed an accursed
    57 | D        | Killed a meat beast
    58 | D        | Killed a large bag of meat
    58 | D        | Noticed a meat beast
    60 | D        | Killed a tyrant
    60 | D        | Killed a dread
    60 | D        | Killed a tyrant
    61 | D        | Killed a meat beast
    63 | D        | Killed a dread
    64 | D        | Killed an accursed
    65 | D        | Noticed a meat beast
    68 | D        | Killed a meat beast
    69 | D        | Killed an accursed
    69 | D        | Killed a tyrant
    72 | D        | Noticed a destroyer
    73 | D        | Noticed a destroyer
    73 | D        | Noticed a large bag of meat
    73 | D        | Noticed a meat beast
    73 | D        | Noticed a dread
    74 | D        | Noticed a destroyer
    75 | D        | Killed a destroyer
    75 | D        | Killed a destroyer
    75 | D        | Noticed a large bag of meat
    76 | D        | Killed a meat beast
    76 | D        | Noticed a meat beast
    79 | D        | Killed a large bag of meat
    79 | D        | Noticed a meat beast
    80 | D        | Killed a dread
    82 | D        | Killed a meat beast
    83 | D        | Noticed a tyrant
    83 | D        | Killed a large bag of meat
    85 | D        | Killed a meat beast
    86 | D        | Noticed an accursed
    86 | D        | Killed from afar by a wretched soul

Illustrated notes

Levels and vault maps discovered:
D:        meatsprint

Skill      XL: |  1  2  3  4  5  6  7  8  9 10 11 12 13 14 15 16 17 18 19 20 21 22 23 24 25 26 27 |
---------------+----------------------------------------------------------------------------------+-----
Fighting       | 12 13 16 17 19 20 23 26 27 | 27.0
Throwing       | 10 11 13 14 16 17 19 22 24 27 | 27.0
Armour         | 12 13 16 17 19 20 23 25 27 | 27.0
Dodging        | 13 14 17 18 20 22 24 27 | 27.0
Unarmed Combat | 12 13 16 17 19 20 23 25 27 | 27.0
Spellcasting   | 10 11 12 13 15 16 18 20 22 27 | 27.0
Axes           | 10 23 27 | 27.0
Stealth        | 11 25 27 | 27.0
Maces & Flails | 9 19 23 27 | 27.0
Polearms       | 9 19 23 27 | 27.0
Invocations    | 11 22 26 27 | 27.0
Staves         | 22 27 | 27.0
Short Blades   | 14 27 | 27.0
Long Blades    | 14 27 | 27.0
Ranged Weapons | 13 27 | 27.0
Shields        | 15 27 | 27.0
Evocations     | 15 27 | 27.0

Action                     |  1- 3 |  4- 6 |  7- 9 | 10-12 | 13-15 | 16-18 | 19-21 | 22-24 | 25-27 || total
---------------------------+-------+-------+-------+-------+-------+-------+-------+-------+-------++-------
  Melee: Executioner's axe |     1 |       |       |     1 |     4 |     6 |     5 |     7 |    50 ||    74
  Throw: Boomerang         |       |       |       |     1 |       |       |       |       |       ||     1
   Cast: Vhi's Electric Ch |       |       |       |       |     1 |       |       |       |    13 ||    14
 Armour: Leather armour    |       |       |       |       |       |       |     1 |       |     1 ||     2
  Dodge: Dodged            |       |       |       |       |       |     2 |     2 |       |     4 ||     8

Table legend: (Time is in decaauts)
 A = Elapsed time spent in this place.
 B = Non-inter-level travel time spent in this place.
 C = Inter-level travel time spent in this place.
 D = Time resting spent in this place.
 E = Time spent auto-exploring this place.
 F = Levels seen in this place.
 G = Mean time per level.
                   A        B        C        D        E       F      G
               +--------+--------+--------+--------+--------+-----+--------+
         Total |     86 |     86 |      0 |      0 |      0 |   1 |   86.0 |
       Dungeon |     86 |     86 |      0 |      0 |      0 |   1 |   86.0 |
               +--------+--------+--------+--------+--------+-----+--------+

Top non-repeatable levels by time:
       D: 86 daAuts
